AoeStats
← nanakusa

Nomad

506622815Analyzed
4v4 RM · 18d ago on Sep 14, 2026· 60m 26s· 8 players
Game mode
Random Map
Map size
231×231
Population
200
Speed
Normal
Resources
Standard
Victory
Conquest
Starting age
Dark Age
Ending age
Imperial Age
RankedLock teamsTeams togetherTeam positionsShared explorationLock speedFull tech treeHidden civsTurbo modeCheats
Victory
Defeat
🇹🇷 Italians · Türkiye
1659
+13
🇦🇷 Berbers · Argentina
1652
+14
🇹🇼 Armenians · Taiwan
1594
+16
🇯🇵 Poles · Japan
1583
+16
🇧🇷 Turks · Brazil
1723
-20
🇦🇷 Burmese · Argentina
1629
-16
🇨🇳 Khmer · China
1530
-12
🇨🇳 Portuguese · China
1505
-11
nanakusa
4:34 Loom
13:38 Feudal Age
15:10 Wheelbarrow
14:45 Double-Bit Axe
18:14 Castle Age
16:19 Horse Collar
18:58 Heavy Plow
19:08 Fishing Lines
19:49 Bow Saw
20:37 Town Watch
22:50 Szlachta Privileges
25:37 Hand Cart
26:11 Forging
26:32 Husbandry
28:00 Bloodlines
32:04 Scale Barding Armor
39:55 Imperial Age
38:51 Iron Casting
40:09 Cavalier
41:55 Crop Rotation
44:47 Conscription
46:06 Hoardings
45:53 Chain Barding Armor
45:40 Gold Mining
45:41 Stone Mining
45:47 Light Cavalry
48:31 Winged Hussar
51:01 Blast Furnace
52:14 Lechitic Legacy
55:25 Stone Shaft Mining
55:11 Caravan
59:09 Coinage
59:35 Masonry
59:12 Capped Ram
Ainz_Own_Goal
4:47 Loom
12:21 Feudal Age
13:02 Double-Bit Axe
25:27 Castle Age
28:30 Fishing Lines
29:08 Bow Saw
31:21 Gillnets
32:54 Wheelbarrow
35:04 Medium Warships
39:11 Imperial Age
36:58 Scale Mail Armor
37:08 Forging
38:54 Chain Mail Armor
39:15 Iron Casting
39:20 Arson
39:36 Squires
39:34 Onager
41:25 Plate Mail Armor
41:55 Blast Furnace
41:18 Conscription
41:24 Gold Mining
42:36 Fletching
42:45 Pikeman
44:18 Bodkin Arrow
45:48 Ballistics
46:34 Chemistry
47:15 Elite Genoese Crossbowman
58:19 Husbandry
58:25 Scale Barding Armor
58:53 Bloodlines
58:06 Light Cavalry
58:51 Hussar
61:04 Chain Barding Armor
_Ares_大锤
5:11 Loom
13:48 Feudal Age
14:18 Feudal Age
18:18 Castle Age
16:18 Double-Bit Axe
16:45 Horse Collar
17:57 Fletching
19:18 Bow Saw
20:05 Bodkin Arrow
20:54 Fishing Lines
21:40 Padded Archer Armor
21:32 Gold Mining
22:19 Gillnets
27:21 Wheelbarrow
26:35 Town Watch
33:33 Imperial Age
31:38 Bloodlines
31:29 Husbandry
32:15 Leather Archer Armor
32:58 Ballistics
33:27 Gold Shaft Mining
32:43 Stone Mining
33:20 Kasbah
34:30 Hand Cart
34:30 Bracer
35:16 Conscription
36:03 Chemistry
36:09 Ring Archer Armor
36:10 Elite Camel Archer
39:18 Scale Barding Armor
39:24 Forging
42:18 Heavy Plow
43:34 Thumb Ring
43:40 Siege Engineers
44:14 Chain Barding Armor
43:15 Light Cavalry
44:33 Iron Casting
43:47 Cavalier
45:32 Plate Barding Armor
45:42 Guard Tower
48:09 Blast Furnace
46:51 Treadmill Crane
47:21 Masonry
47:07 Murder Holes
49:53 Crop Rotation
53:03 Coinage
52:34 Caravan
52:44 Guilds
52:49 Maghrebi Camels
53:25 Hoardings
53:01 Fortified Wall
52:37 Arrowslits
53:32 Hussar
55:20 Capped Ram
55:21 Onager
59:51 Town Patrol
60:56 Careening
60:56 Clinker Construction
60:48 Scale Mail Armor
yclin124
4:12 Loom
13:43 Feudal Age
18:19 Castle Age
17:19 Fletching
17:16 Double-Bit Axe
19:04 Bodkin Arrow
26:04 Sanctity
29:52 Fishing Lines
33:45 Wheelbarrow
37:55 Imperial Age
35:49 Padded Archer Armor
37:25 Bow Saw
37:07 Stone Mining
37:09 Gold Mining
38:43 Ballistics
38:45 Bracer
39:47 Chemistry
39:57 Conscription
40:34 Elite Composite Bowman
41:32 Leather Archer Armor
43:17 Town Watch
43:47 Hand Cart
46:56 Squires
46:17 Pikeman
48:00 Scale Mail Armor
48:10 Forging
47:45 Halberdier
48:18 Horse Collar
49:47 Chain Mail Armor
50:04 Ring Archer Armor
51:13 Masonry
51:55 Plate Mail Armor
52:30 Iron Casting
52:05 Fereters
55:09 Fereters
60:02 Gillnets
~BroKen~
3:43 Loom
15:55 Feudal Age
20:41 Town Watch
21:31 Wheelbarrow
23:01 Castle Age
21:37 Wheelbarrow
20:48 Town Watch
22:07 Horse Collar
32:58 Guard Tower
33:00 Fletching
37:21 Fortified Wall
44:16 Imperial Age
42:22 Heavy Plow
43:43 Scale Barding Armor
43:49 Forging
44:18 Bloodlines
44:08 Husbandry
45:11 Chain Barding Armor
45:34 Iron Casting
45:03 Light Cavalry
49:00 Hand Cart
48:46 Hussar
49:30 Padded Archer Armor
50:11 Plate Barding Armor
50:03 Gold Mining
61:04 Blast Furnace
coxinha_iodo
5:06 Loom
12:43 Feudal Age
16:52 Castle Age
17:33 Scale Barding Armor
17:37 Double-Bit Axe
20:20 Chain Barding Armor
21:06 Bow Saw
22:08 Husbandry
22:33 Horse Collar
27:19 Wheelbarrow
34:02 Imperial Age
33:12 Hand Cart
32:42 Town Watch
33:36 Forging
35:38 Plate Barding Armor
35:03 Padded Archer Armor
35:09 Town Watch
36:24 Conscription
36:07 Stone Mining
38:08 Leather Archer Armor
41:02 Ring Archer Armor
39:56 Elite Janissary
41:48 Bloodlines
42:16 Iron Casting
41:32 Fletching
42:05 Ballistics
41:36 Guard Tower
41:32 Arrowslits
43:45 Blast Furnace
42:37 Fletching
43:32 Coinage
44:10 Two-Man Saw
43:11 Heavy Plow
43:02 Gold Mining
44:54 Bodkin Arrow
45:36 Keep
44:58 Murder Holes
44:43 Treadmill Crane
45:14 Masonry
47:01 Artillery
47:21 Sipahi
55:16 Heavy Camel Rider
59:24 Bombard Tower
59:35 Architecture
枕上鸳鸯睡红莲
4:50 Loom
12:19 Feudal Age
12:52 Double-Bit Axe
13:08 Fishing Lines
15:53 Horse Collar
17:19 Forging
22:52 Castle Age
21:23 Bloodlines
21:39 Scale Barding Armor
23:39 Wheelbarrow
22:53 Light Cavalry
23:33 Husbandry
24:10 Chain Barding Armor
24:10 Bow Saw
26:34 Iron Casting
25:53 Gold Mining
29:18 Hand Cart
31:19 Gold Shaft Mining
31:48 Scale Mail Armor
32:21 Pikeman
33:26 Chain Mail Armor
35:32 Heavy Plow
39:33 Imperial Age
38:18 Stone Mining
40:25 Cavalier
41:42 Plate Barding Armor
41:55 Conscription
43:14 Blast Furnace
45:54 Heavy Scorpion
47:37 Siege Engineers
51:48 Ballistics
52:46 Double Crossbow
投掷哥布林
7:37 Loom
13:38 Feudal Age
17:23 Castle Age
15:36 Double-Bit Axe
18:54 Bow Saw
18:57 Horse Collar
22:04 Town Watch
24:09 Wheelbarrow
24:43 Gold Mining
24:47 Stone Mining
31:17 Imperial Age
29:06 Heavy Plow
30:00 Hand Cart
31:04 Circumnavigation
32:50 Arquebus
33:58 Siege Engineers
35:57 Chemistry
36:40 Elite Organ Gun
40:24 Masonry
40:37 Ballistics
45:37 Conscription
47:48 Bombard Tower
Connection lost

Rejoining the realm…

Still unreachable

The connection could not be restored.

Session expired

The server has moved on; the page needs a fresh start.